AoeStats
← primo78n

Arabia

509797278Analyzed
2v2 RM · 4d ago on Sep 28, 2026· 52m 3s· 4 players
Game mode
Random Map
Map size
Medium (4 player)
Population
200
Speed
Normal
Resources
Standard
Victory
Conquest
Starting age
Dark Age
Ending age
Imperial Age
RankedLock teamsTeams togetherTeam positionsShared explorationLock speedFull tech treeHidden civsTurbo modeCheats
Victory
Defeat
🇦🇷 Mongols · Argentina
1036
+17
🇦🇷 Persians · Argentina
1033
+17
🇦🇷 Franks · Argentina
1122
-20
🇦🇷 Vikings · Argentina
995
-14
TIYA
5:23 Loom
10:23 Feudal Age
17:25 Castle Age
15:59 Double-Bit Axe
17:38 Horse Collar
22:20 Fletching
27:46 Bodkin Arrow
34:26 Imperial Age
34:17 Gold Mining
39:43 Ballistics
47:46 Bow Saw
48:49 Chemistry
primo78n
7:15 Loom
9:28 Feudal Age
10:11 Double-Bit Axe
10:10 Horse Collar
20:10 Castle Age
18:23 Bloodlines
19:54 Gold Mining
21:05 Heavy Plow
23:13 Forging
23:09 Scale Barding Armor
25:31 Chain Barding Armor
25:47 Iron Casting
26:52 Gold Shaft Mining
26:08 Stone Mining
26:31 Bow Saw
28:07 Husbandry
33:29 Fletching
33:39 Padded Archer Armor
34:10 Bodkin Arrow
36:00 Wheelbarrow
35:10 Town Watch
39:20 Imperial Age
38:00 Hand Cart
39:03 Heavy Camel Rider
40:58 Blast Furnace
40:50 Plate Barding Armor
42:36 Stone Shaft Mining
42:16 Town Patrol
49:49 Citadels
49:59 Conscription
LA FUCKING CABRA
9:33 Loom
11:20 Feudal Age
19:49 Castle Age
18:31 Double-Bit Axe
20:57 Bow Saw
22:30 Husbandry
29:49 Scale Barding Armor
32:07 Chain Barding Armor
33:46 Gold Mining
36:42 Forging
38:42 Gold Shaft Mining
39:59 Iron Casting
40:24 Wheelbarrow
42:35 Imperial Age
41:57 Fletching
42:48 Hand Cart
42:18 Town Watch
43:50 Plate Barding Armor
42:38 Cavalier
45:51 Blast Furnace
45:00 Chivalry
45:22 Conscription
45:32 Paladin
49:04 Town Patrol
49:23 Capped Ram
MATICAS
10:28 Feudal Age
10:22 Loom
11:35 Man-at-Arms
21:22 Castle Age
20:05 Double-Bit Axe
21:26 Fletching
21:39 Padded Archer Armor
21:58 Crossbowman
23:51 Elite Skirmisher
25:51 Bodkin Arrow
27:16 Horse Collar
28:12 Town Watch
29:29 Leather Archer Armor
33:37 Scale Mail Armor
35:31 Chain Mail Armor
36:03 Ballistics
36:55 Heavy Plow
45:45 Imperial Age
45:51 Town Patrol
49:38 Imperial Age
48:34 Pikeman
49:16 Squires
Connection lost

Rejoining the realm…

Still unreachable

The connection could not be restored.

Session expired

The server has moved on; the page needs a fresh start.